[Event "*** Titled Tuesday Blitz"]
[Site "Chess.com"]
[Date "2020.04.21"]
[Round "7"]
[White "calin_dragomirescu"]
[Black "WonderChampion"]
[Result "1-0"]
[WhiteElo "2299"]
[BlackElo "1814"]
[TimeControl "180+1"]
[EndTime "11:23:01 PDT"]
[Termination "calin_dragomirescu won by checkmate"]

1. Nf3 d5 2. c4 e6 3. g3 Nf6 4. Bg2 c6 5. O-O Bd6 6. d4 O-O 7. Nc3 dxc4 8. Nd2 Bc7 9. Nxc4 Bd7 10. e4 Qe7 11. e5 Nd5 12. Ne4 h6 13. h4 Na6 14. a3 b5 15. Ncd6 Bxd6 16. Nxd6 Nac7 17. Qh5 Kh7 18. Be4+ Kg8 19. Bxh6 gxh6 20. Qxh6 f5 21. exf6 Nxf6 22. Qg6+ Qg7 23. Rfe1 Qxg6 24. Bxg6 Ncd5 25. Ne4 Kg7 26. h5 Kh6 27. Nc5 Nc7 28. Rac1 Rad8 29. Nxd7 Rxd7 30. Rxc6 Nxh5 31. Bxh5 Kxh5 32.
Rec1 Nd5 33. Rxe6 Rdf7 34. Re5+ Rf5 35. Rce1 Kg6 36. f4 Kg7 37. Rxf5 Rxf5 38. Re5 Rxe5 39. dxe5 Kg6 40. Kf2 Kf5 41. Kf3 Ne7 42. g4+ Kg6 43.
Ke4 Nc6 44. b4 a5 45. bxa5 Nxa5 46. Kd5 Nc4 47. f5+ Kf7 48. g5 Nxa3 49. g6+ Kg7 50. e6 Kf6 51. Kd6 Nc4+ 52. Kd7 b4 53. g7 Ne5+ 54. Kd6 Nc4+ 55. Kc5 Kxg7 56. Kxc4 b3 57.
Kxb3 Kf6 58. Kc4 Kxf5 59. e7 Ke4 60. e8=Q+ Kf4 61. Kd4 Kf3 62. Qe3+ Kg4 63. Qf2 Kg5 64.
Ke5 Kg4 65. Qf4+ Kh5 66. Qg3 Kh6 67. Kf6 Kh7 68. Qg7# 1-0

[Event "*** Titled Tuesday Blitz"]
[Site "Chess.com"]
[Date "2020.04.21"]
[Round "7"]
[White "bazar-wokzal"]
[Black "Camels1981"]
[Result "1-0"]
[WhiteElo "2536"]
[BlackElo "2099"]
[TimeControl "180+1"]
[EndTime "11:23:02 PDT"]
[Termination "bazar-wokzal won on time"]

1. e4 c5 2. c3 d5 3. exd5 Qxd5 4. d4 Nc6 5. Nf3 Bf5 6. dxc5 Qxd1+ 7. Kxd1 O-O-O+ 8.
Ke1 e5 9. Be3 Nf6 10. Bb5 Ng4 11. Bxc6 bxc6 12. b4 a5 13. a3 g6 14. Nbd2 Bg7 15.
Nc4 Rd3 16. Rc1 Kc7 17. Ke2 axb4 18. axb4 Ra8 19. Rhd1 Ra2+ 20. Rd2 Rdxd2+ 21. Bxd2 Be6 22. Nd6 e4 23. Nxe4 Bc4+ 24. Ke1 Bd3 25. Bf4+ Kd7 26.
Ned2 Bxc3 27. Rxc3 Ra1+ 28. Nb1 Rxb1+ 29. Kd2 Bb5 30.
Bg3 Rxb4 31. h3 Nf6 32. Ra3 Ne4+ 33. Ke3 Nxg3 34. fxg3 Ra4 35. Rxa4 Bxa4 36. Ng5 f6 37. Nxh7 Ke7 38. g4 Kf7 39. g5 fxg5 40. Nxg5+ Kf6 41. Kf4 Bb3 42. h4 Bd5 43. g4 Bg2 44. Ne4+ Ke6 45. Nc3 Bf1 46. Kg5 Kf7 47. Ne4 Bd3 48. Nf6 Ke6 49. h5 gxh5 50. gxh5 Ke5 51. h6 Kd4 52. Nd7 Kd5 53. Nf8 Kxc5 54. Ng6 1-0

[Event "*** Titled Tuesday Blitz"]
[Site "Chess.com"]
[Date "2020.04.21"]
[Round "7"]
[White "imdarealist"]
[Black "LuckSlayeer"]
[Result "0-1"]
[WhiteElo "2317"]
[BlackElo "2507"]
[TimeControl "180+1"]
[EndTime "11:23:03 PDT"]
[Termination "LuckSlayeer won on time"]

1. d4 Nf6 2. Bf4 e6 3. e3 b6 4. Nf3 Bb7 5. Be2 Be7 6. h3 O-O 7. O-O d6 8. c4 Nbd7 9. Nc3 Re8 10. Bh2 Nf8 11. a4 a5 12. Qc2 Ng6 13. Rfd1 Qb8 14.
e4 Bc6 15. d5 Bd7 16. Nb5 e5 17. Rac1 Nh5 18. Nxe5 dxe5 19. Bxh5 Nf4 20. Bxf4 exf4 21. e5 Bc5 22. e6 fxe6 23. Bxe8 Bxe8 24. dxe6 f3 25.
Qe4 c6 26. Nd4 fxg2 27. Qxg2 Qf4 28. Ne2 Qf6 29. b3 Qxe6 30. Nf4 Qf6 31. Nd3 Bd4 32. Re1 Bh5 33. Qg3 Rf8 34. Rc2 Bg6 35. Ree2 c5 36.
Rcd2 Bh5 37. Re1 Bc3 38. Red1 Bxd2 39. Rxd2 Bf3 40. Qe5 Qg6+ 41. Qg3 Qh6 42. Rb2 Be4 43. Ne1 Qc1 44. Re2 Bc6 45. Re3 g6 46. Re7 Qd2 47.
Qh4 h5 48. Qg3 g5 49. h4 g4 50. Re3 Qd4 0-1

[Event "*** Titled Tuesday Blitz"]
[Site "Chess.com"]
[Date "2020.04.21"]
[Round "7"]
[White "Nafania1"]
[Black "Zoffy13"]
[Result "1/2-1/2"]
[WhiteElo "2349"]
[BlackElo "2213"]
[TimeControl "180+1"]
[EndTime "11:23:04 PDT"]
[Termination "Game drawn - insufficient material"]

1. e4 c5 2. Nf3 d6 3. Bb5+ Nd7 4. c3 Nf6 5. Bd3 Ne5 6. Bc2 Bg4 7. Ba4+ Nfd7 8. d4 cxd4 9. cxd4 Nxf3+ 10. gxf3 Bh5 11. Nc3 a6 12. Be3 e6 13. Rg1 b5 14. Bb3 Be7 15. Qe2 Nf6 16. e5 dxe5 17. dxe5 Nd7 18. O-O-O Qc7 19.
Kb1 Qxe5 20. Qd2 Rd8 21. Bd4 Qf5+ 22. Bc2 Qxf3 23. Bxg7 Rg8 24. Bd4 Rxg1 25. Rxg1 Bg6 26. Bxg6 hxg6 27. Be3 Ne5 28. Qc2 Nc4 29. Bc1 Bf6 30.
Ne4 Be7 31. a4 Rd4 32. Ng5 Qd3 33. axb5 axb5 34. Qxd3 Rxd3 35. f4 Rd5 36. h4 Nd6 37. Rg3 Nf5 38. Rh3 Rd1 39. Kc2 Rf1 40. h5 gxh5 41.
Rxh5 Bf6 42. Rh3 Nd4+ 43. Kb1 Ne2 44. Kc2 Nxc1 45. Ne4 Ne2 46. Nxf6+ Ke7 47. Ne4 Nd4+ 48. Kd3 Nf5 49. Rh8 Rxf4 50. Rb8 Rf3+ 51. Kd2 Re3 52.
Rb7+ Kf8 53. Ng5 Rb3 54. Rxf7+ Ke8 55. Rb7 Rxb2+ 56. Kc3 Rb1 57. Nxe6 Rc1+ 58. Kd2 Rb1 59. Nc7+ Kd8 60. Rxb5 Rxb5 61. Nxb5 1/2-1/2

[Event "*** Titled Tuesday Blitz"]
[Site "Chess.com"]
[Date "2020.04.21"]
[Round "7"]
[White "Gordima"]
[Black "joppie2"]
[Result "1/2-1/2"]
[WhiteElo "2731"]
[BlackElo "2929"]
[TimeControl "180+1"]
[EndTime "11:23:05 PDT"]
[Termination "Game drawn - insufficient material"]

1. d4 Nf6 2. c4 g6 3. Nc3 Bg7 4. e4 d6 5. h3 e5 6. d5 a5 7. Be3 Nbd7 8. Nf3 h5 9. Qc2 Bh6 10. Bxh6 Rxh6 11. Be2 Kf8 12. h4 Kg7 13. O-O-O Nc5 14.
Ng5 Nh7 15. Qd2 Qf6 16. g3 Qe7 17. f4 Bg4 18. Rdf1 exf4 19. Rxf4 Nxg5 20. hxg5 Rhh8 21. Rhf1 Raf8 22. Bxg4 hxg4 23. Rxg4 Rh5 24. Rf2 Nd7 25. Nb5 Ne5 26. Rh4 Qxg5 27. Qxg5 Rxg5 28. Rfh2 Rxg3 29.
b3 Rc8 30. Rh7+ Kf6 31. Rh8 Rg1+ 32. Kc2 Rxh8 33. Rxh8 g5 34. Nxc7 g4 35. Rg8 g3 36.
Nb5 g2 37. Rg3 Ra1 38. Nxd6 g1=Q 39. Rxg1 Rxg1 40. Nxb7 Rg2+ 41. Kc3 Rxa2 42. c5 a4 43. b4 Ra3+ 44. Kd2 Rb3 45. c6 Rxb4 46. Nd6 Rb2+ 47. Kc3 Rb3+ 48. Kc2 Nxc6 49. dxc6 Rb6 50. c7 Rc6+ 51.
Kd3 Rxc7 52. Ne8+ Ke5 53. Nxc7 a3 54. Kc2 Kxe4 55. Kb3 f5 56. Ne6 Ke5 57. Ng5 Kf4 58. Ne6+ Ke5 59. Ng5 Kf6 60. Nf3 f4 61. Kxa3 Kf5 62. Kb3 Ke4 63. Nh4 Kd3 64. Kb4 Ke4 65.
Kc4 f3 66. Nxf3 1/2-1/2

[Event "*** Titled Tuesday Blitz"]
[Site "Chess.com"]
[Date "2020.04.21"]
[Round "7"]
[White "Violord"]
[Black "GMNeiksans"]
[Result "0-1"]
[WhiteElo "2609"]
[BlackElo "2865"]
[TimeControl "180+1"]
[EndTime "11:23:05 PDT"]
[Termination "GMNeiksans won by resignation"]

1. e4 c5 2. Nf3 e6 3. c3 Nf6 4. e5 Nd5 5. d4 cxd4 6. cxd4 d6 7. Bc4 Be7 8. O-O O-O 9. Qe2 b6 10. a3 Bb7 11. Bd3 dxe5 12. dxe5 Nd7 13. Rd1 Nc5 14. Bc2 a5 15. h4 Bxh4 16. Nc3 Be7 17. Ne4 Nxe4 18. Qxe4 g6 19. Bh6 Re8 20. Qg4 Rc8 21. Bd3 Qc7 22. Rac1 Qb8 23. Bg5 Rxc1 24. Rxc1 Qd8 25. Bb5 Bxg5 26. Nxg5 Re7 27. Rd1 Qf8 28.
Ne4 Rc7 29. Qg3 Qh6 30. Nf6+ Kh8 31. Be2 Rc1 32. Ng4 Qd2 33. Qf3 Rxd1+ 34. Bxd1 Kg7 35. Qe2 Qxe2 36. Bxe2 h5 37. Ne3 Nxe3 38. fxe3 f6 39. g4 h4 40. Kh2 g5 41. Bd3 fxe5 42. e4 Kf6 43. Kh3 a4 44. Kg2 Ke7 45. Kf3 Kd6 46. Bc2 Bc6 47. Ke3 Kc5 48. Bd3 Bb5 49. Bc2 Bd7 50. Kf3 Kd4 51. Kf2 Bc6 52. Kf3 b5 53.
Bd1 Bxe4+ 54. Kf2 Bc6 55. Be2 e4 56. Bf1 e3+ 57. Ke1 Ke5 58. Be2 Kf4 59. Bxb5 Bxb5 0-1

[Event "*** Titled Tuesday Blitz"]
[Site "Chess.com"]
[Date "2020.04.21"]
[Round "7"]
[White "fridaywins"]
[Black "Vamostodorecto"]
[Result "1-0"]
[WhiteElo "2322"]
[BlackElo "2473"]
[TimeControl "180+1"]
[EndTime "11:23:05 PDT"]
[Termination "fridaywins won on time"]

1. e4 e5 2. Nf3 Nc6 3. Bb5 a6 4. Ba4 Nf6 5. O-O Be7 6. Re1 b5 7. Bb3 d6 8. c3 O-O 9. h3 Na5 10. Bc2 c5 11. d4 Nd7 12. d5 Nb6 13. Nbd2 g6 14. Nf1 f5 15. Bh6 Rf7 16. exf5 gxf5 17. Ng3 Kh8 18. Nh2 Qg8 19. Qh5 f4 20. Ne4 Nxd5 21.
Rad1 Nf6 22. Nxf6 Rxf6 23. Bg5 Rf7 24. Bxe7 Rxe7 25. Rxd6 Nc4 26. Rg6 Qe8 27. Qh6 Raa7 28. Rf6 Rf7 29. b3 Na3 30. Bxh7 Rxf6 31. Qxf6+ Kxh7 32. Rxe5 Qg6 33. Qxf4 Rg7 34. Ng4 Bxg4 35. hxg4 Qxg4 36.
Qxg4 Rxg4 37. Rxc5 Rg6 38. g3 Rd6 39. Kg2 Nb1 40.
c4 b4 41. Ra5 Nc3 42. a3 bxa3 43. Rxa3 Ne4 44. b4 Nd2 45. c5 Rc6 46. Rd3 Nc4 47. Rd4 Ne5 48. Rh4+ Kg6 49. Re4 Kf5 50.
Rd4 a5 51. f4 Ng4 52. bxa5 Rxc5 53. Rd2 Rxa5 54. Rb2 Ra3 55. Rb5+ Ke4 56. Rb4+ Kf5 57. Rb5+ Ke4 58. Rg5 Ne3+ 59. Kh3 Nf5 60. Rg8 Nd4 61.
Re8+ Kf3 62. f5 Kf2 63. f6 Rxg3+ 64. Kh4 Nf5+ 65. Kh5 Rf3 66. f7 Ng7+ 67. Kg6 1-0

[Event "*** Titled Tuesday Blitz"]
[Site "Chess.com"]
[Date "2020.04.21"]
[Round "7"]
[White "chenxiaoyuer"]
[Black "Shuvatkin_Vladimir"]
[Result "0-1"]
[WhiteElo "2125"]
[BlackElo "2296"]
[TimeControl "180+1"]
[EndTime "11:23:05 PDT"]
[Termination "Shuvatkin_Vladimir won on time"]

1. e4 e6 2. d4 d5 3. Nd2 dxe4 4. Nxe4 Bd7 5. Nf3 Bc6 6. Bd3 Nd7 7. O-O Ngf6 8. Ned2 Be7 9. Nc4 O-O 10. Nce5 Nxe5 11. Nxe5 Qd5 12. Nxc6 Qxc6 13. Qe2 Qd6 14. c3 c5 15.
dxc5 Qxc5 16. Be3 Qc6 17. Bd4 Rfd8 18. Rad1 a6 19. Bb1 Ne8 20. Be4 Qc7 21. Qe3 Bf6 22. Bb6 Rxd1 23. Bxc7 Rxf1+ 24. Kxf1 Nxc7 25. Bxb7 Rb8 26. Qa7 Rd8 27. Be4 Be5 28. g3 g5 29.
Ke2 h6 30. Qb6 Kg7 31. Bd3 Ra8 32. Qc5 Kf6 33. Be4 Rb8 34. b4 Nb5 35. Bd3 Nxc3+ 36.
Kf3 Nxa2 37. Bxa6 Nxb4 38. Bc4 Nc2 39. Kg2 Nd4 40. Bd3 Rb2 41. Kf1 Nb3 42. Qc8 Bd4 43.
Qd8+ Kg7 44. Be2 e5 45. Qd7 Nd2+ 46. Kg2 Ne4 47. Kf1 Nxf2 48. Qf5 Ra2 49. Bc4 Ra1+ 50. Kg2 Ra7 51. h4 gxh4 52. gxh4 Rc7 53. Bd5 Ra7 54. Bc4 Re7 55. Bd5 Rc7 56. Bb3 Re7 57. Bc4 Nd1 0-1

[Event "*** Titled Tuesday Blitz"]
[Site "Chess.com"]
[Date "2020.04.21"]
[Round "7"]
[White "Mischuk_D"]
[Black "Sychev_Klementy"]
[Result "1-0"]
[WhiteElo "2707"]
[BlackElo "2827"]
[TimeControl "180+1"]
[EndTime "11:23:07 PDT"]
[Termination "Mischuk_D won on time"]

1. e4 e5 2. Nf3 Nc6 3. Bb5 a6 4. Ba4 b5 5. Bb3 Na5 6. O-O d6 7. c3 Nxb3 8. Qxb3 Nf6 9. d3 Be7 10. a4 Rb8 11. axb5 axb5 12. h3 O-O 13. Be3 Be6 14. Qc2 c5 15. Nbd2 Qc8 16. Ra7 Rb7 17.
Rfa1 Qc7 18. R7a6 h6 19. Nf1 Rc8 20. Ng3 Bf8 21. Qd2 Kh7 22. Nh4 d5 23. exd5 Nxd5 24. Qe2 Qd7 25. Bd2 Ne7 26. Qe4+ Kg8 27. Qxe5 Qxd3 28.
Be3 Qd5 29. Nf3 Ng6 30. Qe4 Qxe4 31. Nxe4 Bd5 32. Nd6 Bxd6 33. Rxd6 Bxf3 34. gxf3 Ne5 35.
Rd5 Nc4 36. Rxc5 Rxc5 37. Bxc5 Nxb2 38. Kg2 Nd3 39. Bd4 Nf4+ 40. Kh2 Ne2 41. Ra8+ Kh7 42. Rd8 f6 43. Kg2 Kg6 44. Kf1 Nf4 45. h4 Kh5 46.
Be3 Ng6 47. Rd4 Nxh4 48. Ke2 Nf5 49. Rb4 Nd6 50. Kd3 Nc4 51. Kd4 Kg6 52. Kc5 Rc7+ 53. Kd4 Nd6 54. Kd3 h5 55. Bf4 Rd7 56. Ke2 Nf5 57. Rxb5 h4 58. Rb1 Ra7 59. Rb2 Kh5 60. c4 g5 61. Bb8 Ra3 62. Rb6 1-0

[Event "*** Titled Tuesday Blitz"]
[Site "Chess.com"]
[Date "2020.04.21"]
[Round "7"]
[White "crywolf1986"]
[Black "chito89"]
[Result "0-1"]
[WhiteElo "2583"]
[BlackElo "2758"]
[TimeControl "180+1"]
[EndTime "11:23:08 PDT"]
[Termination "chito89 won by resignation"]

1. d4 Nf6 2. Nf3 c5 3. e3 g6 4. c4 Bg7 5. Nc3 O-O 6. Be2 cxd4 7. exd4 d5 8. O-O dxc4 9. Bxc4 a6 10. a4 b6 11. Bf4 Bb7 12. d5 Nbd7 13. Re1 Rc8 14. Qe2 Re8 15. Bxa6 Bxa6 16. Qxa6 Nc5 17. Qb5 Nxd5 18.
Nxd5 Qxd5 19. Be5 Qb3 20. Bxg7 Qxb5 21. axb5 Kxg7 22. Red1 Red8 23. Nd4 Rxd4 24. Rxd4 Nb3 25. Rdd1 Nxa1 26. Rxa1 Rc2 27. Rb1 Rc5 28. Kf1 Rxb5 29. b4 Rd5 30. Ke2 Rd4 31. Ke3 e5 32. b5 f5 33. g3 Rd5 34. f3 Kf6 35. h4 Rc5 36. Kd3 Ke6 37. h5 g5 38. g4 e4+ 39. fxe4 fxg4 40. Kd4 h6 41. Rb3 g3 42. Rxg3 Rxb5 43.
Rc3 Rb4+ 44. Ke3 Ke5 45. Rc6 Rxe4+ 46. Kf3 Rf4+ 47. Ke3 Rf6 48. Rc8 Kf5 49. Rc4 b5 50. Rc5+ Kg4 51. Rxb5 Kxh5 52. Ke4 Kh4 53. Rb1 g4 54.
Rh1+ Kg5 55. Ke3 h5 56. Rb1 g3 57. Rb8 Kg4 58. Rg8+ Kh3 59. Rg6 Rxg6 0-1

[Event "*** Titled Tuesday Blitz"]
[Site "Chess.com"]
[Date "2020.04.21"]
[Round "7"]
[White "josephymwale33"]
[Black "DenishevM"]
[Result "1/2-1/2"]
[WhiteElo "2296"]
[BlackElo "2601"]
[TimeControl "180+1"]
[EndTime "11:23:08 PDT"]
[Termination "Game drawn by repetition"]

1. d4 d5 2. c4 e6 3. g3 Nf6 4. Bg2 Bb4+ 5. Nd2 O-O 6. Nf3 b6 7. a3 Be7 8. O-O Bb7 9. Ne5 c6 10. e4 Nbd7 11. Nxd7 Qxd7 12. e5 Ne8 13. cxd5 cxd5 14.
f4 Rc8 15. Nf3 Ba6 16. Re1 g6 17. h3 Bc4 18. Kh2 a5 19. Bd2 a4 20. Rc1 Bb3 21.
Qe2 Ng7 22. Qa6 b5 23. Rxc8 Rxc8 24. Rc1 Rxc1 25. Bxc1 h6 26. Bf1 Qc7 27. Bd2 Bd1 28. Ne1 Nf5 29. Bc3 Bxa3 30. Qxb5 Be7 31. Qe8+ Bf8 32.
Bd3 a3 33. Bb1 axb2 34. Bxb2 Kg7 35. g4 Ne3 36. f5 gxf5 37. gxf5 Nxf5 38. Ng2 Bf3 39.
Nf4 Be4 40. Nh5+ Kg6 41. Qxf8 Kxh5 42. Qg8 Bf3 43. Bd3 Qe7 44. Bxf5 exf5 45. Bc1 f4 46. Qg7 Qe6 47. Bxf4 Qg6 48. Qxg6+ Kxg6 49. Kg3 Be4 50. h4 h5 51. Be3 Kf5 52. Bf2 Kg6 53. Be3 Kf5 54. Bf2 Kg6 55. Be3 1/2-1/2

[Event "*** Titled Tuesday Blitz"]
[Site "Chess.com"]
[Date "2020.04.21"]
[Round "7"]
[White "DejanNestor64"]
[Black "Taron_Shagbazyan"]
[Result "1-0"]
[WhiteElo "2432"]
[BlackElo "2621"]
[TimeControl "180+1"]
[EndTime "11:23:09 PDT"]
[Termination "DejanNestor64 won by resignation"]

1. d4 Nf6 2. c4 e6 3. Nc3 Bb4 4. Nf3 d5 5. Bg5 O-O 6. e3 h6 7.
Bh4 c5 8. cxd5 exd5 9. Rc1 Nc6 10. dxc5 g5 11. Bg3 Ne4 12. Be2 Re8 13. O-O Nxc3 14. bxc3 Bxc5 15. Nd4 Ne5 16. Qb3 Ng6 17. Rfd1 Bb6 18. c4 dxc4 19. Bxc4 Qf6 20. Nb5 Bg4 21.
Rd6 Be6 22. h3 Rac8 23. Rc3 Ba5 24. Rc2 Nf8 25. Bxe6 Nxe6 26. Nxa7 Rxc2 27. Qxc2 Bb4 28. Rd7 Bf8 29. Rxb7 h5 30. Qb2 Qxb2 31. Rxb2 h4 32.
Be5 Ra8 33. Nc6 Kh7 34. Nd4 Ra6 35. Nxe6 fxe6 36. Bd4 Kg6 37. g3 Kf5 38. gxh4 gxh4 39. Kg2 e5 40. Bc3 Bd6 41. Bb4 Bxb4 42. Rxb4 Rxa2 43.
Rxh4 e4 44. Rh5+ Kf6 45. Kg3 Ke6 46. Rg5 Kf6 47. Rg4 Ke5 48. h4 Ra1 49. h5 Rg1+ 50.
Kh4 Rf1 51. Rg2 Rh1+ 52. Kg5 Ra1 53. h6 Ra8 54. Rh2 Kd6 55. Kf6 Rf8+ 56. Kg7 Rf3 57.
h7 Ke7 58. h8=Q Rf7+ 59. Kg6 Rf6+ 60. Qxf6+ Kd7 1-0

[Event "*** Titled Tuesday Blitz"]
[Site "Chess.com"]
[Date "2020.04.21"]
[Round "7"]
[White "ajdemipopushi"]
[Black "m_ezat"]
[Result "0-1"]
[WhiteElo "2362"]
[BlackElo "2518"]
[TimeControl "180+1"]
[EndTime "11:23:09 PDT"]
[Termination "m_ezat won on time"]

1. Nf3 Nf6 2. g3 g6 3. Bg2 Bg7 4. c4 O-O 5. O-O c5 6. d4 d6 7. Nc3 Nc6 8. dxc5 dxc5 9. Bf4 Be6 10. Ne5 Nxe5 11. Bxe5 Bxc4 12. Bxb7 Qxd1 13. Rfxd1 Rad8 14. b3 Be6 15. Na4 c4 16. Nc5 Bg4 17. f3 Bc8 18.
bxc4 Nd7 19. Bxg7 Kxg7 20. Nxd7 Bxb7 21. Nc5 Bc6 22. Kf2 Rc8 23. Rac1 Rfd8 24. Rxd8 Rxd8 25. Ke3 Rb8 26. Rc2 Rc8 27. Nd3 a5 28. c5 f6 29.
Rb2 Bd5 30. Rb5 a4 31. a3 Kf7 32. Ra5 Bb3 33. Nb4 Ke6 34. Kd4 Kf5 35. e4+ Kg5 36. Ra7 e5+ 37. Kd3 Rxc5 38. Rxh7 f5 39. h4+ Kf6 40.
exf5 Kxf5 41. Rh8 Rc1 42. Rf8+ Ke6 43. g4 Ra1 44. h5 gxh5 45. gxh5 Rxa3 46. h6 Bd5+ 47.
Kd2 Ra1 48. h7 Rh1 49. h8=Q Rxh8 50. Rxh8 Bb3 51. Ke3 Kd6 52. Rh5 Kc5 53. Nd3+ Kc4 54. Nxe5+ Kc3 55. Nd3 a3 56. Rh1 Bc2 0-1

[Event "*** Titled Tuesday Blitz"]
[Site "Chess.com"]
[Date "2020.04.21"]
[Round "7"]
[White "PauloCesarCosta_sad"]
[Black "kakakz"]
[Result "1/2-1/2"]
[WhiteElo "2094"]
[BlackElo "2368"]
[TimeControl "180+1"]
[EndTime "11:23:09 PDT"]
[Termination "Game drawn by repetition"]

1. Nf3 Nf6 2. c4 g6 3. d4 Bg7 4. Nc3 d6 5. g3 O-O 6. Bg2 c6 7. O-O Nbd7 8. b3 Re8 9. Bb2 e5 10. dxe5 dxe5 11. Qd6 Bf8 12. Qd2 Qc7 13. Rad1 a5 14. Ng5 Nc5 15. Nce4 Nfxe4 16. Nxe4 f5 17. Nxc5 Bxc5 18. e3 Bb4 19. Bc3 Bc5 20. Qb2 Qe7 21.
Rfe1 Ba3 22. Qc2 Qc7 23. Bb2 Bb4 24. Bc3 Bf8 25. Qb2 Bg7 26. Rd2 Be6 27. Red1 a4 28. Rd6 axb3 29. axb3 Bf8 30. R6d2 Bg7 31. Rd6 Re7 32.
Bxe5 Bxe5 33. Qxe5 Bxc4 34. Qc3 Bf7 35. R6d3 Qe5 36. Qxe5 Rxe5 37. Rd7 Rb5 38. R1d3 Ra3 39. Rc7 Rbxb3 40. Rd8+ Kg7 41. Rdd7 Rb1+ 42. Bf1 Raa1 43. Rxf7+ Kg8 44. Rg7+ Kf8 45. Rgf7+ Kg8 46. Rg7+ Kf8 47.
Rgf7+ Ke8 48. Rfe7+ Kf8 49. Rf7+ 1/2-1/2

[Event "*** Titled Tuesday Blitz"]
[Site "Chess.com"]
[Date "2020.04.21"]
[Round "7"]
[White "Chessmasterzt"]
[Black "Savagelittlemole"]
[Result "0-1"]
[WhiteElo "2494"]
[BlackElo "2676"]
[TimeControl "180+1"]
[EndTime "11:23:10 PDT"]
[Termination "Savagelittlemole won on time"]

1. Nf3 Nf6 2. c4 d6 3. d4 c5 4. Nc3 Nc6 5. d5 Na5 6. e4 g6 7.
Be2 Bg7 8. O-O O-O 9. h3 e6 10. Bf4 e5 11. Bg5 a6 12. a4 Qb6 13. Bd2 Nb3 14. a5 Nxa5 15. Na4 Qc7 16. Nxc5 Nxc4 17. Bxc4 Qxc5 18. Bd3 Qc7 19. Qb3 b5 20. Rfc1 Qe7 21. Ba5 Bd7 22. Rc2 Rfc8 23. Rac1 Rxc2 24. Rxc2 Rc8 25. Nd2 Nh5 26. Rxc8+ Bxc8 27. Qc2 Qb7 28. Nb3 Nf4 29. Bf1 f5 30. f3 fxe4 31. fxe4 Nh5 32.
Qc7 Qxc7 33. Bxc7 Nf6 34. Bxd6 Nxe4 35. Bb4 Bf8 36. Nd2 Nxd2 37. Bxd2 Bb7 38. Bc3 e4 39. Kf2 Bxd5 40. Ke3 Kf7 41. g4 Bc5+ 42. Bd4 Bxd4+ 43.
Kxd4 Ke6 44. b4 Kd6 45. g5 Be6 46. Kxe4 Bf5+ 47. Kd4 Bc2 48. Bg2 Bf5 49. h4 Bc8 50.
Bd5 Bf5 51. Bg8 Kc6 52. Bxh7 Kb6 53. h5 a5 54. hxg6 axb4 55. Bg8 Bxg6 56. Bb3 Kc6 57. Ke5 Bd3 58. Be6 Bh7 59. Bb3 Kc5 0-1

[Event "*** Titled Tuesday Blitz"]
[Site "Chess.com"]
[Date "2020.04.21"]
[Round "7"]
[White "poliplaza"]
[Black "Grineva_Marianna"]
[Result "1/2-1/2"]
[WhiteElo "2400"]
[BlackElo "2198"]
[TimeControl "180+1"]
[EndTime "11:23:10 PDT"]
[Termination "Game drawn by stalemate"]

1. d4 g6 2. c4 Bg7 3. Nc3 c5 4. Nf3 cxd4 5. Nxd4 Nc6 6. e3 Nf6 7. Be2 O-O 8. O-O d6 9. Bf3 Ne5 10. Be2 Bd7 11. b3 Rc8 12. Bb2 a6 13. h3 Qa5 14. a3 Nc6 15. b4 Qc7 16. Nb3 Ne5 17.
c5 dxc5 18. Nxc5 Bc6 19. Rc1 Rcd8 20. Qb3 Nd5 21. f4 Nxe3 22. fxe5 Nxf1 23. Rxf1 Qxe5 24. Bf3 Qe3+ 25. Kh1 Rd2 26. Nd1 Qxb3 27. Nxb3 Rxd1 28. Rxd1 Bxb2 29. Bxc6 bxc6 30. Na5 Bxa3 31. Nxc6 Re8 32. Ra1 Bb2 33. Rxa6 Bf6 34. b5 Kf8 35. b6 Bg5 36. b7 Bf4 37. Ra8 g5 38. Kg1 h5 39. Kf2 g4 40. hxg4 hxg4 41. g3 Bd6 42. Rxe8+ Kxe8 43. b8=Q+ Bxb8 44. Nxb8 f5 45. Ke3 Kf7 46. Nd7 Ke6 47.
Nf8+ Kd5 48. Kf4 e6 49. Ng6 Kd6 50. Ne5 Kd5 51. Nf7 Kd4 52. Kg5 Kd5 53. Kf4 Kd4 54. Nh6 Kd5 55. Nxf5 exf5 56. Kxf5 Kd6 57. Kxg4 Ke7 58.
Kg5 Ke8 59. Kg6 Kf8 60. g4 Kg8 61. g5 Kh8 62. Kh6 Kg8 63. g6 Kh8 64. g7+ Kg8 65.
Kg6 1/2-1/2

[Event "*** Titled Tuesday Blitz"]
[Site "Chess.com"]
[Date "2020.04.21"]
[Round "7"]
[White "Paralinch"]
[Black "MikaelyanArman"]
[Result "1-0"]
[WhiteElo "2954"]
[BlackElo "2743"]
[TimeControl "180+1"]
[EndTime "11:23:11 PDT"]
[Termination "Paralinch won by resignation"]

1. e4 d5 2. exd5 Qxd5 3. Nc3 Qd8 4. Bc4 Nf6 5. Nf3 e6 6. d4 Be7 7. Bg5 h6 8. Bh4 O-O 9. Qe2 a6 10. Bd3 Nc6 11. O-O-O Nb4 12. Ne5 Nfd5 13. Nxd5 exd5 14. Bxe7 Qxe7 15. a3 Nxd3+ 16. Qxd3 c6 17. Qf3 Qg5+ 18. Qe3 Qxe3+ 19. fxe3 f6 20. Nd3 Re8 21. Kd2 Bf5 22.
Rhf1 Bxd3 23. cxd3 Re6 24. Rf3 Rae8 25. b4 g5 26. g4 Kg7 27. a4 Kg6 28. Rh3 f5 29. gxf5+ Kxf5 30. Rf1+ Kg6 31. Rg3 Rf6 32. Rxf6+ Kxf6 33. Rf3+ Kg6 34. a5 h5 35. h3 g4 36. hxg4 hxg4 37.
Rf4 Kh5 38. Rf7 Kh4 39. Rh7+ Kg3 40. Rxb7 Kh2 41. Rh7+ Kg2 42. Rh6 Rc8 43. e4 g3 44.
exd5 cxd5 45. Rxa6 Rg8 46. Re6 Kf3 47. Re3+ Kf2 48.
Re2+ Kf1 49. b5 g2 50. b6 Rb8 51. Re1+ Kf2 52. Re2+ Kf1 53. Rxg2 Kxg2 54. Kc3 Kf3 55. Kb4 Ke3 56. Kb5 Kxd4 57. a6 Kxd3 58. a7 Ra8 59. Ka6 Kc4 60. b7 Rxa7+ 61. Kxa7 d4 62. b8=Q d3 63. Qb2 d2 64. Qxd2 1-0

[Event "*** Titled Tuesday Blitz"]
[Site "Chess.com"]
[Date "2020.04.21"]
[Round "7"]
[White "bancsoo"]
[Black "Gennady_Kozlov"]
[Result "1/2-1/2"]
[WhiteElo "2731"]
[BlackElo "2578"]
[TimeControl "180+1"]
[EndTime "11:23:11 PDT"]
[Termination "Game drawn - insufficient material"]

1. Nf3 d5 2. g3 Bf5 3. Bg2 c6 4. O-O h6 5. c4 e6 6. d3 Nf6 7. cxd5 exd5 8. Nd4 Bh7 9. e4 dxe4 10. dxe4 Be7 11.
e5 Nd5 12. Qg4 Bg6 13. e6 Nf6 14. exf7+ Bxf7 15. Qf4 O-O 16. Nf5 Nh5 17. Nxe7+ Qxe7 18. Qe3 Qxe3 19. Bxe3 Nd7 20. Nc3 Nhf6 21. b4 a6 22.
Rfd1 Rad8 23. Na4 Ne5 24. Nc5 Rxd1+ 25. Rxd1 Bxa2 26. Nxb7 Rb8 27. Rd8+ Rxd8 28. Nxd8 Bd5 29. f4 Nd3 30. Bd2 Bxg2 31. Kxg2 Ne4 32. Be3 Nxb4 33. Kf3 Nf6 34. Nb7 Nfd5 35. Bd4 Nc2 36. Bb2 Ncb4 37. Ke4 Kf7 38. f5 Nf6+ 39. Kd4 Nd7 40. Nd8+ Ke7 41.
Nb7 c5+ 42. Kc4 Nb6+ 43. Kb3 Nd3 44. Bxg7 c4+ 45. Kc2 h5 46. Bd4 Nd5 47. Na5 N3b4+ 48. Kd2 c3+ 49. Bxc3 Nxc3 50. Kxc3 Nd5+ 51. Kd4 Nf6 52.
Ke5 Ng4+ 53. Kf4 Nxh2 54. Nc4 Kf6 55. Nd6 a5 56. Ne4+ Kf7 57. Kg5 a4 58. Kxh5 a3 59.
Nc3 Nf3 60. g4 Kf6 61. Na2 Ng5 62. Nb4 Nf3 63. Kh6 Ng5 64. Nd5+ Ke5 65. Nc3 Kf6 66. Kh5 Nf3 67. Na2 Ng5 68. Kh4 Nf3+ 69. Kg3 Nd4 70. Kf4 Ne2+ 71. Ke3 Ng3 72. Kf3 Nxf5 73.
gxf5 Kxf5 74. Ke3 Ke5 75. Kd3 Kd5 76. Kc3 Kc5 77. Kb3 Kb5 78. Kxa3 1/2-1/2

[Event "*** Titled Tuesday Blitz"]
[Site "Chess.com"]
[Date "2020.04.21"]
[Round "7"]
[White "hedgehog280"]
[Black "ama18"]
[Result "1-0"]
[WhiteElo "2664"]
[BlackElo "2481"]
[TimeControl "180+1"]
[EndTime "11:23:11 PDT"]
[Termination "hedgehog280 won by resignation"]

1. c4 Nf6 2. Nf3 c5 3. Nc3 e6 4. d4 cxd4 5. Nxd4 a6 6. e4 d6 7. Be2 Qc7 8. Be3 b6 9. O-O Bb7 10. f3 Nbd7 11. Rc1 Be7 12. Qe1 O-O 13. Qf2 Rac8 14.
Rfd1 Rfe8 15. b4 Ba8 16. a4 Qb8 17. Nb3 d5 18. cxd5 Bxb4 19. dxe6 Rxe6 20. Na2 Rxc1 21. Naxc1 Qb7 22. Nd4 Re8 23. Nf5 Bf8 24. Bd4 g6 25. Ne3 Bc5 26. Nb3 Bxd4 27. Nxd4 Nc5 28. Qh4 Qe7 29.
Ndf5 Qe5 30. Nc4 Qc3 31. e5 Nh5 32. Rd8 Bc6 33. Ncd6 Qxe5 34. Nxe8 Bxe8 35. Qe7 Qxe7 36. Nxe7+ Kf8 37. Nd5 Ne6 38. Rb8 b5 39. axb5 axb5 40. Bxb5 Nhg7 41. Nf6 Nc7 42. Bxe8 Ngxe8 43. Nxh7+ Ke7 44.
Ng5 Nd6 45. h4 Nd5 46. Ne4 Nf5 47. g3 Ke6 48. Kf2 Ke5 49. Rb7 f6 50. Rb1 Nd4 51.
Re1 Ke6 52. Nc3+ Kd6 53. Nxd5 Kxd5 54. Rd1 Ke5 55. Ke3 Nf5+ 56. Kf2 Nd4 57. g4 Ne6 58. Kg3 Ng7 59. Re1+ Kd6 60. f4 1-0